 Dungeon Crawl Stone Soup version 0.29.1-13-g9f3cf754e1 (webtiles) character file.

Game seed: 13501442832369272084

167 shadowmeld the Magician (level 5, -3/37 HPs)
             Began as a Djinni Ice Elementalist on Feb 3, 2023.
             Slain by Grinder (7 damage)
             ... on level 4 of the Dungeon.
             The game lasted 00:12:52 (3840 turns).

shadowmeld the Magician (Djinni Ice Elementalist)   Turns: 3840, Time: 00:12:53

Health: -3/37      AC:  2    Str:  7    XL:     5   Next: 76%
Gold:   207        EV: 12    Int: 18    God:
                   SH:  0    Dex: 14

rFire   + . .      SeeInvis .   (no weapon)
rCold   . . .      Faith    .   (no shield)
rNeg    . . .      Spirit   .   a - +0 robe
rPois   ∞          Reflect  .   (no helmet)
rElec   .          Harm     .   (no cloak)
rCorr   .          Rampage  .   (no gloves)
Will    .....                   (boots unavailable)
Stlth   ++........              (no amulet)
HPRegen 0.12/turn               j - ring of ice
MPRegen 0.00/turn               (no ring)

@: flying
A: sickness immunity, fire resistance 2, cold vulnerability 1, float, innate
caster, HP casting, extra vitality 1
a: no special abilities


You were on level 4 of the Dungeon.
You visited 1 branch of the dungeon, and saw 4 of its levels.

You collected 207 gold pieces.

Inventory:

Missiles
 h - 6 poisoned darts
Armour
 a - a +0 robe (worn)
Jewellery
 j - a ring of ice (left hand)
Wands
 n - a wand of digging (6)
Scrolls
 b - a scroll of enchant armour {unknown}
 g - 2 scrolls of blinking {unknown}
 k - 3 scrolls of identify {unknown}
 l - 3 scrolls of torment {unknown}
 o - a scroll of magic mapping {unknown}
Potions
 c - 2 potions of might {unknown}
 d - 2 potions of heal wounds {unknown}
 e - a potion of lignification {unknown}
 f - 2 potions of mutation {unknown}
 i - a potion of magic {unknown}
 m - 2 potions of flight


   Skills:
 * Level 1.3 Fighting
 * Level 2.6 Dodging
 - Level 1.5 Stealth
 * Level 4.8 Spellcasting


You couldn't memorise any spells.
You knew the following spells:

 Your Spells              Type           Power      Damage    Failure   Level
a - Freeze                Ice            100%       1d11      1%          1
b - Frozen Ramparts       Ice            66%        1d10      5%          3
c - Ozocubu's Armour      Ice            33%        N/A       5%          3
d - Hailstorm             Conj/Ice       33%        3d8       19%         4
e - Sandblast             Erth           44%        2d11      1%          1
f - Poisonous Vapours     Pois/Air       44%        N/A       2%          2
Your spell library was empty.

Dungeon Overview and Level Annotations

Branches:
Dungeon (4/15)
 Temple: D:4-7

Altars:
Hepliaklqana
Qazlal

Shops:
D:4 (=*

Annotations:
D:4 Grinder


Innate Abilities, Weirdness & Mutations

You are immune to sickness and miasma.
You are immune to poison.
Your flesh is very heat resistant. (rF++)
You are vulnerable to cold. (rC-)
You float through the air rather than walking.
You learn spells naturally, not from books.
Your magical power is your life essence.
You have superior vitality. (+4 MHP)


Message History

Casting: Sandblast (safe; 1% risk of failure)
Confirm with . or Enter, or press ? or * to list all spells.
Aiming: Sandblast (safe; 1% risk of failure)
Press: ? - help, Shift-Dir - straight line, f - Grinder
Aim: Grinder (81% to hit)
The blast of sand hits Grinder!
Grinder is heavily wounded.
Casting: Sandblast (safe; 1% risk of failure)
Confirm with . or Enter, or press ? or * to list all spells.
Aiming: Freeze (safe; 1% risk of failure)
Press: ? - help, Shift-Dir - straight line, f/p - Grinder
Aim: Grinder (heavily wounded)
You feel a surge of power!
You freeze Grinder.
Grinder resists.
Grinder is heavily wounded.
Grinder hits you!
You writhe in agony.
Casting: Freeze (safe; 1% risk of failure)
Confirm with . or Enter, or press ? or * to list all spells.
Aiming: Freeze (safe; 1% risk of failure)
Press: ? - help, Shift-Dir - straight line, f/p - Grinder
Aim: Grinder (heavily wounded)
You feel a surge of power!
You freeze Grinder.
Grinder resists.
Grinder is heavily wounded.
Grinder hits you!
You writhe in agony.
* * * LOW HITPOINT WARNING * * *
Casting: Freeze (safe; 1% risk of failure)
Confirm with . or Enter, or press ? or * to list all spells.
Aiming: Freeze (safe; 1% risk of failure)
Press: ? - help, Shift-Dir - straight line, f/p - Grinder
Aim: Grinder (heavily wounded)
You feel a surge of power!
You freeze Grinder.
Grinder resists.
Grinder is heavily wounded.
* * * LOW HITPOINT WARNING * * *
Grinder hits you.
* * * LOW HITPOINT WARNING * * *
You writhe in agony.
* * * LOW HITPOINT WARNING * * *
It was a potion of flight.
You feel more buoyant. Grinder hits you!
You die...

### ##.## ####...#
###....... # #..####...
### ##### .# ##.## ##..
..####...#########..#
#..# #..
................@5.#
#..# ##.
..................##
#..# #.
.......############ #..#
## .......# ### #..# #
.......# ###.#####..#
.......## ###.....##...#
........##
#...........##
.........##
#...###....## ####
...###....##########..##
##..#


You could see Grinder.

Vanquished Creatures
  2 orc wizards (D:3)
  3 adders
  4 dart slugs
  3 orcs (D:3)
  5 bats
  6 endoplasms
  5 giant cockroaches
  11 hobgoblins
  9 kobolds
  3 quokkas
  7 ball pythons
  2 frilled lizards
  5 goblins
  8 rats
73 creatures vanquished.

Notes
Turn   | Place    | Note
-------+----------+-------------------------------------------
     0 | D:1      | shadowmeld the Djinni Ice Elementalist began the quest for
                  | the Orb.
     0 | D:1      | shadowmeld set off with the following spells memorised:
                  | Freeze, Frozen Ramparts, Ozocubu's Armour, Hailstorm.
     0 | D:1      | Reached XP level 1. HP: 15/15 MP: 0/0
   201 | D:1      | Reached XP level 2. HP: 17/22 MP: 0/0
   966 | D:1      | Reached XP level 3. HP: 25/26 MP: 0/0
   966 | D:1      | Learned a level 1 spell: Sandblast
  1646 | D:2      | Reached skill level 4 in Spellcasting
  1694 | D:2      | Reached XP level 4. HP: 31/31 MP: 0/0
  1823 | D:2      | Found a faded altar of an unknown god.
  1951 | D:2      | Reached skill level 1 in Fighting
  2418 | D:3      | Reached XP level 5. HP: 4/37 MP: 0/0
  2418 | D:3      | Learned a level 2 spell: Poisonous Vapours
  3034 | D:4      | Found Orixzuev's Assorted Antiques.
  3173 | D:4      | Found Ozigot's Jewellery Shop.
  3221 | D:4      | Found a stormy altar of Qazlal.
  3498 | D:4      | Found Tuppiat's Antique Weapon Emporium.
  3548 | D:4      | Found a hazy altar of Hepliaklqana.
  3832 | D:4      | Noticed Grinder
  3840 | D:4      | Slain by Grinder

Illustrated notes

Levels and vault maps discovered:
D:1:      minmay_arrival_doors, layout_loops_ring
D:2:      layout_rooms, hellmonk_ecumenical_altar_pennies_from_heaven,
          kennysheep_generic_room_2
D:3:      layout_rooms
D:4:      layout_layer_cave, lemuel_round_altar,
          nicolae_hepliaklqana_hazy_memory, serial_shops, kennysheep_mini,
          nicolae_shop_crystal, kennysheep_little_box, uniq_grinder

Skill      XL: |  1  2  3  4 |
---------------+-------------+-----
Spellcasting   | 4 |  4.8
Fighting       | 1 |  1.3
Dodging        | |  2.6
Stealth        | |  1.5

Action                   |  1- 3 |  4- 6 || total
-------------------------+-------+-------++-------
Melee: Unarmed           |       |     6 ||     6
 Cast: Freeze            |    38 |    12 ||    50
       Sandblast         |    14 |    46 ||    60
       Poisonous Vapours |       |     1 ||     1
  Use: Potion            |       |     1 ||     1
Armor: Robe              |     3 |     3 ||     6
Dodge: Dodged            |    11 |    10 ||    21
